Map: Eternal Empire LE

Players

TYTY (TY) - Winner!

  • Race: Terran Terran
  • League: Master
  • Spawn Location: 7:00

MarineLorD

  • Race: Terran Terran
  • League: Master
  • Spawn Location: 1:00

Event: DreamHack SC2 Masters 2020 Fall

VOD

Have the link to the VOD?

Description

Time

  • Played on: Sept. 15, 2020, 9:29 a.m.
  • Length: 11:36

All games in this series

Show
View Real Time Build Order
Export as new Build Order

TYTY Terran - Winner!

Build Orders: Gas First Reaper Expand 

Get SALT Encoding   

  12  0:00  SCV  
  13  0:12  SCV  
  14  0:17  Supply Depot  
  14  0:24  SCV  
  15  0:29  Refinery  
  15  0:39  SCV  
  16  0:44  Barracks  
  16  0:51  SCV  
  17  1:03  SCV  
  18  1:15  SCV  
  19  1:32  Orbital Command, Reaper  
  20  1:45  Command Center  
  20  1:57  Factory  
  20  2:01  SCV  
  20  2:06  Barracks Reactor  
  21  2:10  Supply Depot  
  21  2:14  SCV  
  22  2:20  Refinery  
  22  2:26  SCV  
  23  2:38  SCV  
  24  2:44  Starport  
  24  2:47  Hellion x2  
  24  2:50  SCV  
  29  2:58  Orbital Command  
  29  3:03  SCV  
  30  3:08  Hellion  
  30  3:12  Hellion  
  34  3:15  Barracks Tech Lab  
  34  3:20  SCV  
  35  3:27  SCV  
  36  3:38  SCV  
  37  3:42  Marine x2  
  37  3:43  Raven, SCV  
  42  3:50  SCV  
  43  3:55  SCV  
  43  4:02  SCV  
  38  4:03  Marine x2  
  38  4:07  Factory Tech Lab  
  38  4:08  SCV  
  39  4:10  Refinery  
  39  4:13  Command Center  
  39  4:14  SCV, Supply Depot  
  40  4:20  SCV  
  42  4:26  Raven, SCV  
  42  4:28  Marine x2  
  46  4:36  Siege Tank, SCV  
  46  4:37  Supply Depot  
  50  4:39  SCV  
  50  4:44  Refinery  
  51  4:45  Supply Depot  
  51  4:46  Marine  
  51  4:48  SCV  
  54  4:53  SCV, Supply Depot  
  54  4:58  Marine  
  55  5:00  SCV  
  55  5:04  Marine  
  55  5:05  SCV  
  58  5:08  Siege Tank  
  58  5:12  SCV  
  58  5:13  Raven  
  64  5:16  Marine  
  64  5:17  SCV  
  64  5:20  Barracks  
  66  5:22  Barracks  
  66  5:24  SCV  
  66  5:29  SCV  
  66  5:32  Orbital Command  
  66  5:36  Marine x2  
  66  5:37  SCV  
  66  5:41  SCV  
  73  5:42  Siege Tank  
  73  5:49  SCV  
  74  5:52  Engineering Bay  
  74  5:53  Engineering Bay, SCV  
  74  5:55  Orbital Command  
  75  6:02  Viking x2  
  79  6:05  Stimpack  
  79  6:06  Marine  
  79  6:10  Barracks Reactor x2  
  80  6:12  SCV x2  
  82  6:20  Supply Depot  
  82  6:21  SCV  
  82  6:23  Terran Infantry Armor Level 1, Terran Infantry Weapons Level 1  
  82  6:24  SCV, Marine  
  85  6:28  Siege Tank  
  85  6:30  SCV  
  89  6:35  Viking  
  89  6:38  SCV  
  93  6:41  Marine  
  93  6:42  SCV  
  93  6:43  Supply Depot  
  93  6:45  Viking  
  93  6:46  Marine  
  93  6:47  Marine x2  
  97  6:50  SCV x2, Supply Depot  
  101  7:01  Supply Depot x2  
  101  7:02  Barracks  
  101  7:04  Barracks, SCV, Marine  
  101  7:05  SCV  
  101  7:06  Marine x3  
  107  7:09  Marine  
  110  7:16  Siege Tank  
  110  7:17  SCV  
  110  7:18  Medivac, SCV  
  110  7:19  Medivac  
  117  7:23  SCV  
  117  7:27  Marine x3  
  121  7:32  SCV x2  
  123  7:37  Refinery x2  
  123  7:40  Marine x2  
  125  7:44  Marine  
  125  7:51  Medivac x2, Marine x2  
  130  7:52  Barracks Reactor x2  
  132  7:59  Supply Depot  
  132  8:00  Armory, Supply Depot  
  132  8:02  Supply Depot  
  132  8:03  Supply Depot  
  132  8:06  Marine x3  
  132  8:07  Combat Shield  
  132  8:12  SCV x2  
  137  8:13  SCV  
  137  8:19  Marine x2  
  140  8:21  Medivac  
  140  8:24  Marine  
  140  8:25  Command Center, Siege Tank  
  148  8:30  Marine x6  
  152  8:37  Marine x2  
  152  8:39  Factory  
  156  8:42  Marine  
  156  8:43  Supply Depot  
  156  8:48  Marine x3  
  158  8:53  Viking  
  165  8:55  Terran Infantry Weapons Level 2  
  165  8:58  Viking, Terran Infantry Armor Level 2  
  165  9:01  SCV x3  
  165  9:04  Marine  
  165  9:05  Marine x6  
  165  9:06  Marine x2  
  174  9:13  Siege Tank  
  176  9:20  SCV x3  
  179  9:25  Viking  
  179  9:28  Viking  
  181  9:35  Supply Depot  
  181  9:37  SCV x3, Marine x3  
  187  9:40  Barracks Reactor  
  187  9:46  Refinery, Supply Depot  
  187  9:47  Planetary Fortress  
  187  9:48  Refinery  
  187  9:51  Siege Tank  
  190  9:53  Siege Tank  
  186  10:08  Marine  
  186  10:10  Marine x7  
  164  10:15  Medivac x2  
  163  10:23  Siege Tank  
  163  10:25  Siege Tank, Marine  
  163  10:28  Marine x4  
Show
View Real Time Build Order
Export as new Build Order

MarineLorD Terran 

Build Orders: Reaper Expand 

Get SALT Encoding   

  12  0:00  SCV  
  13  0:12  SCV  
  14  0:17  Supply Depot  
  14  0:24  SCV  
  15  0:38  SCV  
  15  0:40  Barracks  
  16  0:44  Refinery  
  16  0:50  SCV  
  17  1:03  SCV  
  18  1:15  SCV  
  19  1:27  Reaper  
  19  1:28  Orbital Command  
  20  1:42  Command Center  
  20  1:53  SCV  
  21  1:57  Supply Depot  
  21  1:58  Marine  
  22  2:06  SCV  
  23  2:16  Factory  
  23  2:18  Marine  
  23  2:19  SCV  
  23  2:21  Refinery  
  25  2:31  SCV  
  26  2:38  Barracks Reactor  
  26  2:44  SCV  
  27  2:54  Orbital Command  
  27  2:56  SCV  
  28  3:00  Starport  
  28  3:01  Factory Tech Lab  
  28  3:04  Refinery  
  28  3:08  SCV  
  29  3:16  Marine x2  
  29  3:19  SCV  
  32  3:20  SCV  
  32  3:24  Cyclone  
  36  3:31  SCV  
  36  3:32  SCV  
  37  3:35  Marine x2  
  38  3:43  Starport Tech Lab, SCV  
  38  3:44  SCV  
  40  3:53  Marine x2  
  39  3:55  SCV  
  39  3:56  SCV  
  35  4:07  SCV  
  35  4:08  Raven, SCV  
  38  4:10  Siege Tank  
  38  4:11  Marine x2  
  38  4:16  Supply Depot  
  43  4:19  SCV  
  43  4:20  SCV  
  45  4:25  Supply Depot  
  46  4:37  SCV x2  
  47  4:42  Siege Tank  
  50  4:49  SCV x2  
  50  4:52  Command Center  
  52  4:53  Raven  
  52  4:58  Supply Depot  
  54  5:01  SCV x2  
  54  5:03  Marine  
  54  5:04  Marine  
  58  5:13  SCV x2  
  58  5:15  Siege Tank  
  58  5:21  Supply Depot  
  61  5:25  SCV  
  61  5:26  SCV  
  63  5:31  Marine x2  
  65  5:36  Raven, Refinery  
  65  5:37  SCV  
  65  5:38  SCV  
  69  5:43  Supply Depot  
  69  5:49  SCV  
  70  5:50  SCV  
  70  5:51  Siege Tank  
  70  5:55  Barracks  
  70  5:56  Barracks  
  74  5:57  Marine x2  
  74  6:03  Orbital Command  
  76  6:04  SCV x2  
  78  6:13  Supply Depot  
  78  6:17  SCV x2  
  80  6:25  Orbital Command  
  80  6:29  SCV x2, Marine  
  80  6:30  Viking x2  
  87  6:33  Stimpack, Siege Tank  
  90  6:41  SCV x2  
  92  6:48  Barracks Reactor x2  
  92  6:50  Engineering Bay  
  92  6:52  Engineering Bay  
  92  6:53  Supply Depot  
  92  6:55  SCV  
  92  6:58  SCV x2  
  95  7:04  Marine  
  95  7:05  Viking x2, Refinery x2  
  95  7:07  Siege Tank  
  95  7:08  SCV  
  104  7:10  SCV x2  
  105  7:20  SCV  
  105  7:22  SCV x2, Terran Infantry Armor Level 1, Terran Infantry Weapons Level 1  
  108  7:25  Supply Depot  
  108  7:27  Supply Depot x2  
  108  7:32  SCV  
  108  7:34  SCV x2  
  110  7:37  Viking x2  
  110  7:39  Siege Tank  
  115  7:44  SCV  
  115  7:46  SCV x2  
  112  7:56  SCV  
  112  7:57  Sensor Tower  
  105  7:58  SCV x2  
  107  8:07  Viking x2  
  107  8:08  SCV  
  107  8:11  SCV x2  
  114  8:13  Combat Shield  
  114  8:22  SCV  
  114  8:23  Command Center, SCV  
  114  8:25  Siege Tank  
  119  8:28  Armory, SCV  
  121  8:34  SCV  
  121  8:35  SCV  
  121  8:37  Missile Turret  
  121  8:38  Medivac x2  
  121  8:40  SCV, Marine x4  
  131  8:44  Supply Depot x2  
  131  8:46  SCV  
  131  8:47  SCV  
  129  8:53  SCV  
  125  8:58  SCV, Marine x4  
  125  8:59  SCV  
  131  9:05  SCV  
  131  9:08  Medivac x2  
  136  9:10  SCV  
  136  9:11  SCV  
  136  9:14  Barracks  
  136  9:15  Barracks  
  139  9:17  SCV, Supply Depot  
  139  9:19  Supply Depot  
  139  9:21  Marine x2  
  139  9:22  Marine x3  
  139  9:33  Siege Tank  
  141  9:39  Marine x2  
  141  9:40  SCV x3, Marine  
  141  9:43  Marine x2  
  149  9:49  Sensor Tower  
  149  9:57  Marine x2  
  149  9:58  Viking x2  
  144  10:11  Marine x2  
  144  10:12  Marine  
  144  10:14  Siege Tank, Marine  

Tags
 
Add a new tag
Caveats
  • Supply blocks, unpowered buildings, or Contaminate may cause inaccurate times.
  • Supply counts are checked every 10 seconds.